 Dungeon Crawl Stone Soup version 0.23-a0-730-g0b75920 (console) character file.

36 Voker57 the Slasher (level 3, -4/27 HPs)
             Began as a Demonspawn Gladiator on Jan 17, 2019.
             Slain by a bullfrog zombie (5 damage)
             ... on level 2 of the Dungeon.
             The game lasted 00:01:23 (1041 turns).

Voker57 the Slasher (Demonspawn Gladiator)          Turns: 1041, Time: 00:01:24

Health: -4/27      AC:  3    Str: 14    XL:     3   Next: 19%
Magic:  3/3        EV: 13    Int:  9    God:
Gold:   26         SH:  0    Dex: 15    Spells: 2/2 levels left

rFire    . . .     SeeInvis .   a - +0 long sword
rCold    . . .     Gourm    .   (no shield)
rNeg     . . .     Faith    .   j - +0 leather armour
rPois    .         Spirit   .   (helmet restricted)
rElec    .         Reflect  .   (no cloak)
rCorr    .         Harm     .   (no gloves)
MR       .....                  (no boots)
Stlth    +.........             (no amulet)
HPRegen  0.09/turn              (no ring)
MPRegen  0.08/turn              (no ring)

@: no status effects
A: antennae 1
a: no special abilities


You were on level 2 of the Dungeon.
You were not hungry.

You visited 1 branch of the dungeon, and saw 2 of its levels.

You collected 26 gold pieces.

Inventory:

Hand Weapons
 a - a +0 long sword (weapon)
 b - a +0 short sword of venom
Missiles
 d - a throwing net (quivered)
Armour
 c - a +0 helmet
 j - a +0 leather armour (worn)
Scrolls
 i - a scroll of identify {unknown}
 k - a scroll of magic mapping {unknown}
Potions
 e - 2 potions of brilliance {unknown}
 g - a potion of curing {unknown}
 h - a potion of mutation {unknown}
Comestibles
 f - 3 rations


   Skills:
 + Level 2.2 Fighting
 + Level 0.7(2.1) Short Blades
 + Level 3.1(3.2) Long Blades
 + Level 1.9 Throwing
 + Level 0.2 Armour
 + Level 3.0 Dodging
 + Level 0.1 Stealth


You had 2 spell levels left.
You didn't know any spells.
Your spell library was empty.

Dungeon Overview and Level Annotations

Branches:
Dungeon (2/15)

Altars:


Innate Abilities, Weirdness & Mutations

You have a pair of small antennae on your head.


Message History

You throw a throwing net.
The throwing net hits the bullfrog zombie.
The bullfrog zombie is caught in the net!
The bullfrog zombie is heavily damaged.
The bullfrog zombie struggles against the net.
The bullfrog zombie struggles against the net. x2
The bullfrog zombie struggles against the net.
The bullfrog zombie struggles against the net.
The bullfrog zombie struggles against the net.
The net rips apart, and the bullfrog zombie comes free!
You slash the bullfrog zombie!
The bullfrog zombie is severely damaged.
The bullfrog zombie closely misses you.
You riposte.
You barely miss the bullfrog zombie.
The bullfrog zombie is severely damaged.
You completely miss the bullfrog zombie.
The bullfrog zombie is severely damaged.
The bullfrog zombie hits you.
* * * LOW HITPOINT WARNING * * *
The bullfrog zombie hits you.
You die...

#..# ######..#
.........##########
#######.#.........####
#...............#
......#.........##.#
#####.#..†[.....##.#
..#.........##.#
####.........##.#
#.@.......####
######.Z.......#
.........†..####
####.....)#.#
#......#.# #....).#.#
#......#.# #......#.#
#......#.#
#......#.###


You could see a bullfrog zombie.

Vanquished Creatures
  A worm (D:2)
  A dart slug (D:2)
  A leopard gecko (D:1)
  3 giant cockroaches
  4 goblins (D:1)
  3 hobgoblins
  5 jackals (D:1)
  3 kobolds
  3 bats (D:1)
  A frilled lizard (D:1)
25 creatures vanquished.

Notes
Turn   | Place    | Note
-------+----------+-------------------------------------------
     0 | D:1      | Voker57 the Demonspawn Gladiator began the quest for the
                  | Orb.
     0 | D:1      | Reached XP level 1. HP: 16/16 MP: 1/1
    90 | D:1      | Gained mutation: You have a pair of small antennae on your
                  | head. [demonic ancestry]
    90 | D:1      | Reached XP level 2. HP: 22/22 MP: 2/2
   828 | D:2      | Reached XP level 3. HP: 16/27 MP: 3/3
  1041 | D:2      | HP: 1/27 [bullfrog zombie (4)]
  1041 | D:2      | Slain by a bullfrog zombie

Vault maps used:
D:1:      shiori_arrival_maze, serial_forest, infiniplex_forest_clump_medium,
          infiniplex_forest_end_1, infiniplex_forest_corner_2,
          infiniplex_forest_clump_double, infiniplex_forest_lined_1,
          infiniplex_forest_lined_room_2, infiniplex_forest_lined_3_way,
          infiniplex_forest_clump_medium, grunt_decor_one_mirror
D:2:      chequers_decorated_corner

Skill      XL: |  1  2 |
---------------+-------+-----
Long Blades    | 3 |  3.1
Dodging        | 3 |  3.0
Fighting       | |  2.2
Short Blades   | |  0.7
Throwing       | |  1.9
Armour         | |  0.2
Stealth        | |  0.1

Action                   || total
-------------------------++-------
Melee: Long sword        ||    22
       Short sword       ||    48
Throw: Throwing net      ||     2
 Stab: Held in net/web   ||     1
Armor: Leather armour    ||    12
Dodge: Dodged            ||    56
       Rpst.: Long sword ||    10

Table legend:
 A = Non-vault XP
 B = Vault XP
 C = Vault XP percentage of total XP
 D = Non-vault monster count
 E = Vault monster count
 F = Vault count percentage of total count
                 A         B        C        D         E       F
            +---------+---------+-------+---------+---------+-------
      Total |      49 |       3 |   5.8 |      23 |       2 |   8.0
            +---------+---------+-------+---------+---------+-------
        D:1 |      33 |       3 |   8.3 |      17 |       2 |  10.5
        D:2 |      16 |       0 |   0.0 |       6 |       0 |   0.0
            +---------+---------+-------+---------+---------+-------
